cohdb
Replays
Latest Replays
All Replays
Popular Replays
Top Player Replays
Match Explorer
How It Works
Community
CoH3 Stats
Reddit
Sign in to upload your games and track your stats! →
Sign in with Steam
Match 40943123
Unlisted
Match 40943123
Overview
Messages
Build Orders
End
Construct Barracks
Selects Heavy Weapons
Riflemen Squad
Engineer Squad
Riflemen Squad
Grenade Package
M1 Mortar Team
Riflemen Squad
Infantry Support Center
Selects Assault Carriers
Selects Halftrack Strongpoints
Construct Medical Station
Engineer Squad
Construct Motor Pool
M8 Greyhound Armored Car
M1 Anti-tank Gun Team
M8 Greyhound Armored Car
Advanced Logistics
Engineer Squad
Construct Weapon Support Center
Construct Weapon Support Center
Sniper
GeeNo
Goodvyn
0
0
Comments
sign in to comment!
No comments posted yet!